 Dungeon Crawl Stone Soup version 0.27-a0-676-gc1da3516c2 (webtiles) character file.

Game seed: 6407403805939041530

8 Dreamer the Insei (level 2, -1/18 HPs)
             Began as an Octopode Transmuter on Mar 18, 2021.
             Slain by a kobold
             ... wielding a +0 dagger of venom
              (2 damage)
             ... on level 1 of the Dungeon.
             The game lasted 00:00:47 (256 turns).

Dreamer the Insei (Octopode Transmuter)              Turns: 256, Time: 00:00:48

Health: -1/18      AC:  1    Str:  9    XL:     2   Next: 8%
Magic:  3/5        EV: 13    Int: 15    God:
Gold:   60         SH:  0    Dex: 12    Spells: 4/5 levels left

rFire    . . .     SeeInvis .     - Unarmed
rCold    . . .     Faith    .   (no shield)
rNeg     . . .     Spirit   .   (helmet currently unavailable)
rPois    .         Reflect  .   (no amulet)
rElec    .         Harm     .   (no ring)
rCorr    .         Rampage  .   (no ring)
Will     .....                  (no ring)
Stlth    ++........             (no ring)
HPRegen  0.06/turn              (no ring)
MPRegen  0.09/turn              (no ring)
                                (no ring)
                                (no ring)

@: lethally poisoned (-1 -> -14), appendages (expiring)
A: tentacle spike 3, almost no armour, amphibious, 8 rings, camouflage 1,
gelatinous body 1, nimble swimmer 1, tentacles
a: End Transformation


You were on level 1 of the Dungeon.
One of your tentacles had grown a beastly spike.
You visited 1 branch of the dungeon, and saw 1 of its levels.

You collected 60 gold pieces.

You aren't carrying anything.


   Skills:
 - Level 1.0 Fighting
 - Level 2.0 Dodging
 + Level 3.5 Unarmed Combat
 - Level 2.0 Spellcasting
 - Level 2.0 Transmutations


You had 4 spell levels left.
You knew the following spells:

 Your Spells              Type           Power      Damage    Failure   Level
a - Beastly Appendage     Tmut           14%        N/A       10%         1

Your spell library contained the following spells:

 Spells                   Type           Power      Damage    Failure   Level
 Wereblood                Tmut           7%         N/A       14%         2
 Spider Form              Tmut/Pois      2%         N/A       41%         3
 Ice Form                 Ice/Tmut       4%         N/A       82%         4
 Blade Hands              Tmut           3%         N/A       95%         5


Dungeon Overview and Level Annotations

Branches:
Dungeon (1/15)

Altars:


Innate Abilities, Weirdness & Mutations

One of your tentacles has grown a beastly spike.
You cannot wear most types of armour.
You are amphibious.
You can wear up to eight rings at the same time.
Your skin changes colour to match your surroundings (Stealth+).
Your rubbery body absorbs attacks. (AC +1, EV +1)
You are stealthy while swimming. (Stealth+)
You have tentacles for arms and can constrict up to eight enemies at once.


Message History

You tentacle-slap the jackal. You grab the jackal.
The jackal is moderately wounded.
You constrict the jackal, but do no damage.
The jackal bites you.
A kobold comes into view. It is wielding a +0 dagger of venom.
You tentacle-slap the jackal but do no damage.
Your squeeze misses the jackal.
The jackal is moderately wounded.
You constrict the jackal. The jackal misses you.
You tentacle-slap the jackal.
The jackal is almost dead.
You constrict the jackal, but do no damage.
The jackal completely misses you.
You tentacle-slap the jackal.
You kill the jackal!
Your transformation is almost over.
The goblin hits you with a +0 dagger.
You have reached level 2!
You closely miss the goblin. You grab the goblin.
You pierce the goblin.
You kill the goblin!
You tentacle-slap the kobold but do no damage.
Your grab misses the kobold.
The kobold hits you with a +0 dagger of venom.
You are poisoned.
You tentacle-slap the kobold but do no damage.
You grab the kobold.
You pierce the kobold, but do no damage.
You constrict the kobold, but do no damage.
* * * LOW HITPOINT WARNING * * *
You feel sick.
The kobold hits you with a +0 dagger of venom.
* * * LOW HITPOINT WARNING * * *
You are more poisoned.
You tentacle-slap the kobold.
The kobold is moderately wounded.
You constrict the kobold, but do no damage.
* * * LOW HITPOINT WARNING * * *
You feel sick.
The kobold hits you with a +0 dagger of venom.
You die...

....g ..h).
..h..#
...h..# #.#
.. .##
....... ...
.. ...
.......
#.##. ###
.......#####
#.#. ...
#..hhK@.#
... ###
.......###.#
#.# .......
#.###.##
.......
#......#
.......
#####..#
.......
##..#
####...
#...# ....
#♣.8# #...#


You could see 2 jackals and a kobold.

Vanquished Creatures
  3 goblins (D:1)
  A hobgoblin (D:1)
  2 jackals (D:1)
6 creatures vanquished.

Notes
Turn   | Place    | Note
-------+----------+-------------------------------------------
     0 | D:1      | Dreamer the Octopode Transmuter began the quest for the
                  | Orb.
     0 | D:1      | Reached XP level 1. HP: 13/13 MP: 3/3
   253 | D:1      | Reached XP level 2. HP: 8/18 MP: 3/5
   256 | D:1      | Slain by a kobold

Illustrated notes

Levels and vault maps discovered:
D:1:      dpeg_arrival_lava_altar, layout_loops_ring, minmay_misc_feat_square,
          minmay_misc_feat_ornament, chequers_avenue

Action                   || total
-------------------------++-------
Melee: Unarmed           ||    19
       Constrict         ||     6
       Tentacles         ||     3
       Kick              ||     3
 Cast: Beastly Appendage ||     1
 Stab: Sleeping          ||     1
Armor: Skin              ||     1
Dodge: Dodged            ||    10

Table legend: (Time is in decaauts)
 A = Elapsed time spent in this place.
 B = Non-inter-level travel time spent in this place.
 C = Inter-level travel time spent in this place.
 D = Time resting spent in this place.
 E = Time spent auto-exploring this place.
 F = Levels seen in this place.
 G = Mean time per level.
                   A        B        C        D        E       F      G
               +--------+--------+--------+--------+--------+-----+--------+
         Total |    254 |    254 |      0 |      0 |    220 |   1 |  254.0 |
       Dungeon |    254 |    254 |      0 |      0 |    220 |   1 |  254.0 |
               +--------+--------+--------+--------+--------+-----+--------+

Top non-repeatable levels by time:
     D:1: 254 daAuts
